 Dungeon Sprint DCSS version 0.27-a0-1287-gca74d27db6 (webtiles) character file.

Game seed: 432693565556246315

23 mhtbhm the Digger (level 2, -4/13 HPs)
             Began as a Spriggan Earth Elementalist on June 14, 2021.
             Slain by a gnoll sergeant (10 damage)
             ... in the Dungeon (Sprint IX: "|||||||||||||||||||||||||||||").
             The game lasted 00:00:25 (210 turns).

mhtbhm the Digger (Spriggan Earth Elementalist)      Turns: 210, Time: 00:00:25

Health: -4/13      AC:  2    Str:  4    XL:     2   Next: 72%
Magic:  8/8        EV: 18    Int: 16    God:
Gold:   0          SH:  0    Dex: 15    Spells: 8/9 levels left

rFire    . . .     SeeInvis +   (weapon restricted)
rCold    . . .     Faith    .   (shield restricted)
rNeg     . . .     Spirit   .   c - +0 robe
rPois    .         Reflect  .   (helmet restricted)
rElec    .         Harm     .   (no cloak)
rCorr    .         Rampage  .   (gloves unavailable)
Will     .....     NoTele   +   (boots unavailable)
Stlth    ++........             (no amulet)
HPRegen  0.04/turn              (no ring)
MPRegen  0.11/turn              (no ring)

@: very quick
A: very small, no large weapons, unfitting armour, see invisible, speed 3
a: no special abilities


You were in the Dungeon.
You visited 1 branch

Inventory:

Missiles
 b - 21 stones
Armour
 c - a +0 robe (worn)
Scrolls
 i - a scroll of blinking
Potions
 d - a potion of curing
 e - a potion of heal wounds
 f - a potion of haste
 g - a potion of magic
 h - a potion of berserk rage


   Skills:
 + Level 3.5 Dodging
 + Level 3.3 Stealth
 + Level 4.3 Spellcasting
 + Level 1.4 Transmutations
 + Level 4.7 Earth Magic


You had 8 spell levels left.
You knew the following spells:

 Your Spells              Type           Power      Damage    Failure   Level
a - Sandblast             Erth           36%        2d10      2%          1

Your spell library contained the following spells:

 Spells                   Type           Power      Damage    Failure   Level
 Passwall                 Tmut/Erth      10%        N/A       7%          2
 Stone Arrow              Conj/Erth      22%        3d8       19%         3
 Petrify                  Tmut/Erth      13%        N/A       41%         4
 Lee's Rapid Deconstruct  Erth           9%         3d8*      54%         5


Dungeon Overview and Level Annotations

Branches:
Dungeon (1/1)

Altars:


Innate Abilities, Weirdness & Mutations

You are very small and have problems with some larger weapons.
You are too small for most types of armour.
You have supernaturally acute eyesight. (SInv)
You cover ground extremely quickly. (Speed+++)


Message History

Aiming: Sandblast (safe; 3% risk of failure)
Press: ? - help, Shift-Dir - straight line, f - adder
Aim: an adder (66% to hit)
The blast of sand hits the adder!
The adder is severely wounded.
The adder bites you. The adder barely misses you.
Unknown command.
Unknown command.
Casting: Sandblast (safe; 3% risk of failure)
Confirm with . or Enter, or press ? or * to list all spells.
Aiming: Sandblast (safe; 3% risk of failure)
Press: ? - help, Shift-Dir - straight line, f/p - adder
Aim: an adder (severely wounded, 66% to hit)
The blast of sand hits the adder!
You kill the adder!
Your Spellcasting skill increases to level 4!
Unknown command.
Unknown command.
Things that are here:
a +0 whip; a kobold corpse
Things that are here:
a rat corpse; a giant cockroach corpse
Casting: Sandblast (safe; 2% risk of failure)
Confirm with . or Enter, or press ? or * to list all spells.
Aiming: Sandblast (safe; 2% risk of failure)
Press: ? - help, Shift-Dir - straight line, f - orc
Aim: an orc, wielding a +5 mace (79% to hit)
The blast of sand hits the orc.
You kill the orc!
Unknown command.
Magic courses through your body.
Casting: Sandblast (safe; 2% risk of failure)
Confirm with . or Enter, or press ? or * to list all spells.
Aiming: Sandblast (safe; 2% risk of failure)
Press: ? - help, Shift-Dir - straight line, f - gnoll sergeant
Aim: a gnoll sergeant, wielding a +0 spear and wearing a +0 ring mail (85% to hit)
The blast of sand hits the gnoll sergeant but does no damage.
The gnoll sergeant hits you from afar with a +0 spear!
Ouch! That really hurt!
You die... ▓▓▓▓▓▓▓▓▓▓▓▓▓▓▓▓▓▓ +.....†..g)@†...<▓ ▓▓▓▓▓▓▓▓▓▓▓▓▓▓▓▓▓▓

You could see a gnoll sergeant.

Vanquished Creatures
  An adder (D)
  2 dart slugs (D)
  An orc (D)
  2 giant cockroaches (D)
  A kobold (D)
  A quokka (D)
  A rat (D)
9 creatures vanquished.

Notes
Turn   | Place    | Note
-------+----------+-------------------------------------------
     0 | D        | mhtbhm the Spriggan Earth Elementalist began the quest for
                  | the Orb.
     0 | D        | Reached XP level 1. HP: 9/9 MP: 5/5
   196 | D        | Noticed a gnoll sergeant
   201 | D        | Reached XP level 2. HP: 8/13 MP: 4/7
   210 | D        | Slain by a gnoll sergeant

Illustrated notes

Levels and vault maps discovered:
D:        linesprint [early_d, line_temple, items_1, d_10, items_2, lair_1,
          lair_end, items_3, orc_1, orc_end, items_4, d_15, swamp_1, shoals_1,
          snake_1, spider_1, d_20, vaults_1, items_5, swamp_end, shoals_end,
          snake_end, spider_end, vaults_end, d_27, items_6, zot_1, zot_end,
          crypt_end, forest_end, elf_end, slime_end, tomb_end, abyss_end,
          pan_hell_end]

Skill      XL: |  1  2 |
---------------+-------+-----
Spellcasting   | 3 4 |  4.3
Earth Magic    | 4 |  4.7
Dodging        | 3 |  3.5
Stealth        | |  3.3
Transmutations | |  1.4

Action                   || total
-------------------------++-------
Melee: Unarmed           ||     2
 Cast: Sandblast         ||    14
  Use: Potion            ||     1
Dodge: Dodged            ||     5

Table legend: (Time is in decaauts)
 A = Elapsed time spent in this place.
 B = Non-inter-level travel time spent in this place.
 C = Inter-level travel time spent in this place.
 D = Time resting spent in this place.
 E = Time spent auto-exploring this place.
 F = Levels seen in this place.
 G = Mean time per level.
                   A        B        C        D        E       F      G
               +--------+--------+--------+--------+--------+-----+--------+
         Total |    204 |    204 |      0 |    174 |      1 |   1 |  204.0 |
       Dungeon |    204 |    204 |      0 |    174 |      1 |   1 |  204.0 |
               +--------+--------+--------+--------+--------+-----+--------+

Top non-repeatable levels by time:
       D: 204 daAuts
